 Dungeon Crawl Stone Soup version 0.32-a0-42-ga30500b4d3 (webtiles) character file.

Game seed: 17223397303128373383

170 PriceMaster the Firebug (level 5, -12/32 HPs)
             Began as an Octopode Fire Elementalist on Feb 2, 2024.
             Was an Initiate of Okawaru.
             Killed by an exploding Dowan (35 damage)
             ... ignited by their inner flame
             ... on level 4 of the Dungeon.
             The game lasted 00:06:54 (5139 turns).

PriceMaster the Firebug (OpFE)                      Turns: 5139, Time: 00:06:55

Health: -12/32     AC:  1    Str:  8    XL:     5   Next: 51%
Magic:  3/9        EV: 13    Int: 19    God:    Okawaru [......]
Gold:   156        SH:  0    Dex: 12    Spells: 4/10 levels left

rFire   . . .        a - +2 whip (pain)
rCold   . . .        (no shield)
rNeg    . . .        (helmet restricted)
rPois   .            (no amulet)
rElec   .            q - ring of willpower
rCorr   +            r - ring of resist corrosion
SInv    .            (no ring)
Will    +....        (no ring)
Stlth   +++          (no ring)
HPRegen 0.25/turn    (no ring)
MPRegen 0.11/turn    (no ring)
                     (no ring)

%: no passive effects
@: mighty
A: almost no armour, amphibious, 8 rings, camouflage 1, gelatinous body 1,
(nimble swimmer 1), tentacles
a: Renounce Religion


You were on level 4 of the Dungeon.
You worshipped Okawaru.
Okawaru was noncommittal.
You visited 1 branch of the dungeon, and saw 4 of its levels.

You collected 156 gold pieces.

Inventory:

Hand Weapons
 a - a +2 whip of pain (weapon)
 j - a +0 dagger
Jewellery
 q - a ring of willpower (left tentacle)
 r - a ring of resist corrosion (right tentacle)
 t - a ring of ice
Scrolls
 b - 4 scrolls of identify {unknown}
 c - 2 scrolls of amnesia {unknown}
 e - 3 scrolls of noise {unknown}
 g - a scroll of teleportation {unknown}
 i - a scroll of vulnerability {unknown}
 m - a scroll of enchant armour {unknown}
 s - a scroll of silence {unknown}
Potions
 f - a potion of degeneration {unknown}
 h - a potion of lignification {unknown}
 k - 2 potions of curing {unknown}
 l - a potion of cancellation {unknown}
 n - a potion of enlightenment {unknown}
 o - a potion of magic
 p - a potion of attraction {unknown}


   Skills:
 + Level 0.3 Fighting
 + Level 0.2 Short Blades
 + Level 0.5 Maces & Flails
 + Level 2.1 Dodging
 + Level 3.4 Stealth
 + Level 0.3 Unarmed Combat
 + Level 3.1 Spellcasting
 + Level 2.2 Conjurations
 + Level 0.6 Hexes
 + Level 4.0 Fire Magic


You had 4 spell levels left.
You knew the following spells:

 Your Spells              Type           Power      Damage    Failure   Level
a - Foxfire               Conj/Fire      60%        2x1d7     4%          1
b - Scorch                Fire           36%        2d6       4%          2
c - Inner Flame           Hex/Fire       11%        N/A       17%         3

Your spell library contained the following spells:

 Spells                   Type           Power      Damage    Failure   Level
 Volatile Blastmotes      Fire/Tloc      20%        2d11      21%         3
 Flame Wave               Conj/Fire      15%        2d7       38%         4
 Gell's Gravitas          Tloc           3%         N/A       41%         3
 Teleport Other           Tloc           3%         N/A       41%         3
 Dispersal                Tloc           1%         N/A       100%        6


Dungeon Overview and Level Annotations

Branches:
Dungeon (4/15)
 Temple: D:4-7

Altars:
Cheibriados
Kikubaaqudgha
Okawaru
Zin


Innate Abilities, Weirdness & Mutations

You cannot wear most types of armour.
You are amphibious.
You can wear up to eight rings at the same time.
Your skin changes colour to match your surroundings (Stealth+).
Your rubbery body absorbs attacks. (AC +1, EV +1)
((You are camouflaged when in or above water. (Stealth+)))
You have tentacles for arms and can constrict up to eight enemies at once.


Message History

Your foxfire dissipates!
The foxfire hits Dowan but does no damage.
You feel very mighty all of a sudden.
You whack Dowan! You grab Dowan.
Dowan is moderately wounded.
You constrict Dowan.
Dowan gestures wildly while chanting.
Dowan blinks free!
Dowan points at you and mumbles some strange words.
The puff of frost hits you!
Casting: Foxfire (safe; 4% risk of failure)
Confirm with . or Enter, or press ? or * to list all spells.
You don't have enough magic to cast this spell.
Magic courses through your body.
Casting: Foxfire (safe; 4% risk of failure)
Confirm with . or Enter, or press ? or * to list all spells.
You can't see any susceptible monsters within range! (Use Z to cast anyway.)
Casting: Foxfire (safe; 4% risk of failure)
Confirm with . or Enter, or press ? or * to list all spells.
Aiming: Inner Flame (quite dangerous; 17% risk of failure)
Press: ? - help, Dir - move target, f/p - Dowan
Aim: Dowan, wielding a +2 dagger of protection and wearing a +0 robe (moderately wounded, chance to affect: 62%) Dowan is filled with an inner flame.
Casting: Inner Flame (quite dangerous; 17% risk of failure)
Confirm with . or Enter, or press ? or * to list all spells.
Flames lash Dowan but do no damage.
Casting: Scorch (safe; 4% risk of failure)
Confirm with . or Enter, or press ? or * to list all spells.
You conjure some foxfire!
Casting: Foxfire (safe; 4% risk of failure)
Confirm with . or Enter, or press ? or * to list all spells.
You conjure some foxfire!
The foxfire hits Dowan.
Flame seeps out of Dowan.
Dowan is heavily wounded.
Dowan is engulfed in blazing flames.
Okawaru is honoured by your kill.
You hear a distant scream of rage.
Dowan explodes!
The fiery explosion engulfs you!!
Ouch! That really hurt!
You die...

#### ##.######### .... #.
...# #.......... .e.. #.
##.# #.######### ... ..
#.# #.# .... ## #.# #.#
...v. #.# #.# ######......
#.# #.# #....e...... #.#
##.## #v####§.....
#.######...####@####......
#........#....v§○§.....#.#
#######.###....§###......#
#..#.......... .. .#
##...######### . #####


There were no monsters in sight!

Vanquished Creatures
  An ogre (D:4)
  Dowan (D:4)
  Robin (D:3)
  2 adders
  A dart slug (D:2)
  An orc (D:4)
  A ball python (D:4)
  2 bats
  6 endoplasms
  3 giant cockroaches
  10 goblins
  6 hobgoblins
  3 quokkas
  2 frilled lizards (D:2)
  6 kobolds
  7 rats
53 creatures vanquished.

Vanquished Creatures (others)
  76 foxfires
76 creatures vanquished.

Grand Total: 129 creatures vanquished

Notes
Turn   | Place    | Note
-------+----------+-------------------------------------------
     0 | D:1      | PriceMaster the Octopode Fire Elementalist began the quest
                  | for the Orb.
     0 | D:1      | Reached XP level 1. HP: 11/11 MP: 3/3
   755 | D:2      | Reached XP level 2. HP: 17/17 MP: 1/5
   758 | D:2      | Learned a level 2 spell: Scorch
  1054 | D:2      | Found an ancient bone altar of Kikubaaqudgha.
  1131 | D:2      | Reached XP level 3. HP: 15/21 MP: 0/6
  1423 | D:2      | Learned a level 3 spell: Inner Flame
  2525 | D:3      | Noticed Robin
  2879 | D:3      | Killed Robin
  2880 | D:3      | Reached XP level 4. HP: 27/27 MP: 2/8
  3872 | D:3      | Found a snail-covered altar of Cheibriados.
  3872 | D:3      | Found a glowing silver altar of Zin.
  3873 | D:3      | Found an iron altar of Okawaru.
  3910 | D:3      | Became a worshipper of Warmaster Okawaru
  4578 | D:4      | Noticed an ogre
  4582 | D:4      | Killed an ogre
  4583 | D:4      | Reached skill level 4 in Fire Magic
  4583 | D:4      | Reached XP level 5. HP: 32/32 MP: 0/9
  5118 | D:4      | Noticed Dowan
  5139 | D:4      | Killed Dowan
  5139 | D:4      | Killed by an exploding Dowan... ignited by their inner
                  | flame

Illustrated notes

Levels and vault maps discovered:
D:1:      ebering_trefoil_twist, layout_loops_ring
D:2:      layout_basic, basic_altar, minmay_ruptured
D:3:      layout_loops_ring, gammafunk_temple_overflow_claw, dk_noncrumbling_4,
          uniq_grinder, uniq_robin
D:4:      layout_loops_ring, uniq_duvessa

Skill      XL: |  1  2  3  4 |
---------------+-------------+-----
Stealth        | 3 |  3.4
Spellcasting   | 3 |  3.1
Conjurations   | 2 |  2.2
Fire Magic     | 4 |  4.0
Fighting       | |  0.3
Short Blades   | |  0.2
Maces & Flails | |  0.5
Dodging        | |  2.1
Unarmed Combat | |  0.3
Hexes          | |  0.6

Action                     |  1- 3 |  4- 6 || total
---------------------------+-------+-------++-------
  Melee: Unarmed           |    17 |       ||    17
         Constrict         |    12 |     4 ||    16
         Tentacles         |     9 |     1 ||    10
         Punch             |     1 |       ||     1
         Dagger            |    15 |       ||    15
         Whip              |     9 |     9 ||    18
   Cast: Foxfire           |    39 |    23 ||    62
         Scorch            |    10 |     3 ||    13
         Inner Flame       |     6 |    10 ||    16
    Use: Potion            |     2 |     2 ||     4
   Stab: Sleeping          |     1 |     1 ||     2
 Armour: Skin              |    15 |     7 ||    22
  Dodge: Dodged            |    27 |     8 ||    35

Table legend: (Time is in decaauts)
 A = Elapsed time spent in this place.
 B = Non-inter-level travel time spent in this place.
 C = Inter-level travel time spent in this place.
 D = Time resting spent in this place.
 E = Time spent auto-exploring this place.
 F = Levels seen in this place.
 G = Mean time per level.
                   A        B        C        D        E       F      G
               +--------+--------+--------+--------+--------+-----+--------+
         Total |   5137 |   5071 |     66 |   2550 |   2038 |   4 | 1284.2 |
       Dungeon |   5137 |   5071 |     66 |   2550 |   2038 |   4 | 1284.2 |
               +--------+--------+--------+--------+--------+-----+--------+

Top non-repeatable levels by time:
     D:2: 1804 daAuts
     D:3: 1433 daAuts
     D:4: 1205 daAuts
     D:1: 695 daAuts
